[ AOE2 MATCH · #469804852 ]
1v1 RMPersians vs Maya
Player's team · WIN
Rival team · LOSS
[ REPLAY ANALYSIS · EXTRACTED FROM THE RECORDED GAME ]
Feudal
8:59
Castle
22:50
Imperial
42:31
| APM avg | 40.3 |
| APM peak | 72 |
| eAPM avg | 21.5 |
| Villagers / military | 176 / 96 |
Focus
⚔️ 31.0% · 🌾 69.0%
Knight ×64 · Archer ×15 · Skirmisher ×10 · Trebuchet (Packed) ×4 · Scorpion ×2 · Monk ×1
Feudal
9:35
Castle
23:47
Imperial
34:03
| APM avg | 43.3 |
| APM peak | 72 |
| eAPM avg | 19.0 |
| Villagers / military | 91 / 201 |
Focus
⚔️ 49.9% · 🌾 50.1%
Eagle Scout ×118 · Archer ×43 · Spearman ×34 · Skirmisher ×6
Match map
Resources at game start + every placement click. Thick line = wall · dashed box = detected house wall. 🟡 gold · ⚪ stone · 🟢 berries · 🔶 boar · ⭕ relic
Your base· ✓ Closed at 22:50 · 40t walls
Kritika's base· ✓ Closed at 23:47 · 59t walls
Elevation-shaded terrain · ⚠ = detected wall gap · hover for details
Inputs per minute
— Elite Villager - - Kritika
Build order — Elite Villager
First 150 of 476 actions detected
| 0:01 | Create | Villager (Male) |
| 0:01 | Create | Villager (Male) |
| 0:02 | Create | Villager (Male) |
| 0:03 | Build | House |
| 0:04 | Build | House |
| 0:16 | Create | Villager (Male) |
| 1:00 | Create | Villager (Male) |
| 1:33 | Create | Villager (Male) |
| 2:12 | Create | Villager (Male) |
| 2:37 | Create | Villager (Male) |
| 2:51 | Build | House |
| 2:54 | Build | Lumber Camp |
| 3:18 | Create | Villager (Male) |
| 3:43 | Create | Villager (Male) |
| 4:03 | Create | Villager (Male) |
| 4:21 | Build | Mill |
| 4:23 | Create | Villager (Male) |
| 4:35 | Create | Villager (Male) |
| 4:56 | Create | Villager (Male) |
| 5:21 | Create | Villager (Male) |
| 6:05 | Create | Villager (Male) |
| 6:14 | Research | Loom |
| 6:55 | Research | Feudal Age |
| 6:56 | Research | Feudal Age |
| 7:18 | Build | Mining Camp |
| 8:19 | Build | Barracks |
| 8:52 | Create | Villager (Male) |
| 8:52 | Create | Villager (Male) |
| 8:59 | Age | Feudal Age |
| 9:11 | Build | House |
| 9:20 | Build | Archery Range |
| 9:26 | Build | Palisade Wall |
| 9:45 | Create | Villager (Male) |
| 9:56 | Research | Double-Bit Axe |
| 9:59 | Build | Blacksmith |
| 10:07 | Create | Archer |
| 10:15 | Create | Archer |
| 10:15 | Create | Archer |
| 10:20 | Build | Blacksmith |
| 10:24 | Create | Villager (Male) |
| 10:45 | Create | Archer |
| 10:51 | Create | Villager (Male) |
| 10:59 | Build | House |
| 11:12 | Build | Mill |
| 11:14 | Research | Fletching |
| 11:15 | Create | Archer |
| 11:18 | Build | House |
| 11:22 | Build | Palisade Wall |
| 11:23 | Create | Villager (Male) |
| 11:32 | Create | Archer |
| 11:54 | Create | Villager (Male) |
| 12:11 | Build | House |
| 12:14 | Build | Palisade Wall |
| 12:21 | Build | Palisade Wall |
| 12:24 | Create | Villager (Male) |
| 12:25 | Create | Archer |
| 12:31 | Build | House |
| 12:39 | Create | Archer |
| 12:54 | Build | Archery Range |
| 12:59 | Create | Villager (Male) |
| 13:09 | Build | Market |
| 13:13 | Build | Palisade Wall |
| 13:14 | Create | Villager (Male) |
| 13:18 | Research | Padded Archer Armor |
| 13:24 | Build | House |
| 13:27 | Build | Palisade Wall |
| 13:31 | Build | Farm |
| 13:34 | Create | Skirmisher |
| 13:48 | Create | Archer |
| 14:01 | Create | Villager (Male) |
| 14:02 | Create | Archer |
| 14:04 | Create | Skirmisher |
| 14:23 | Build | Lumber Camp |
| 14:26 | Create | Archer |
| 14:39 | Create | Villager (Male) |
| 14:42 | Build | Farm |
| 15:00 | Create | Archer |
| 15:00 | Create | Archer |
| 15:07 | Build | Farm |
| 15:11 | Build | Farm |
| 15:12 | Create | Villager (Male) |
| 15:22 | Build | Farm |
| 15:30 | Create | Archer |
| 15:42 | Build | Palisade Wall |
| 15:45 | Create | Villager (Male) |
| 16:20 | Create | Villager (Male) |
| 16:35 | Create | Skirmisher |
| 16:35 | Create | Skirmisher |
| 16:39 | Create | Archer |
| 16:48 | Create | Villager (Male) |
| 16:53 | Build | Farm |
| 16:53 | Build | Farm |
| 16:53 | Build | Farm |
| 16:54 | Build | Farm |
| 16:54 | Build | Farm |
| 16:54 | Build | Farm |
| 17:03 | Build | House |
| 17:11 | Create | Villager (Male) |
| 17:26 | Build | House |
| 17:36 | Create | Villager (Male) |
| 17:39 | Build | Farm |
| 17:40 | Create | Villager (Male) |
| 17:56 | Create | Villager (Male) |
| 18:25 | Build | House |
| 18:29 | Build | Farm |
| 18:32 | Build | Farm |
| 18:33 | Build | Farm |
| 18:34 | Build | Farm |
| 18:44 | Create | Villager (Male) |
| 18:50 | Build | Farm |
| 19:09 | Create | Villager (Male) |
| 19:12 | Build | Farm |
| 19:12 | Create | Villager (Male) |
| 19:35 | Create | Villager (Male) |
| 19:57 | Build | Farm |
| 20:06 | Build | House |
| 20:25 | Research | Castle Age |
| 20:25 | Research | Castle Age |
| 21:00 | Create | Skirmisher |
| 21:00 | Create | Skirmisher |
| 21:02 | Build | House |
| 21:11 | Build | Palisade Wall |
| 21:18 | Build | House |
| 21:40 | Create | Skirmisher |
| 21:40 | Create | Skirmisher |
| 21:47 | Build | Market |
| 22:00 | Create | Skirmisher |
| 22:00 | Create | Skirmisher |
| 22:09 | Build | House |
| 22:27 | Build | House |
| 22:50 | Age | Castle Age |
| 22:54 | Build | Town Center |
| 22:57 | Research | Bodkin Arrow |
| 22:58 | Create | Villager (Male) |
| 22:58 | Create | Villager (Male) |
| 23:10 | Research | Crossbowman (upgrade) |
| 23:25 | Create | Villager (Male) |
| 23:26 | Create | Villager (Male) |
| 23:53 | Create | Villager (Male) |
| 24:08 | Build | Town Center |
| 24:20 | Create | Villager (Male) |
| 24:22 | Build | Farm |
| 24:31 | Build | House |
| 24:33 | Build | House |
| 24:40 | Research | Gold Mining |
| 24:45 | Create | Villager (Male) |
| 25:07 | Create | Villager (Male) |
| 25:08 | Create | Villager (Male) |
| 25:15 | Research | Wheelbarrow |
| 25:33 | Create | Villager (Male) |
Build order — Kritika
First 150 of 442 actions detected
| 0:02 | Research | Loom |
| 0:03 | Create | Villager (Male) |
| 0:03 | Create | Villager (Male) |
| 0:04 | Create | Villager (Male) |
| 0:04 | Build | House |
| 0:06 | Build | House |
| 1:34 | Create | Villager (Male) |
| 1:34 | Create | Villager (Male) |
| 1:34 | Create | Villager (Male) |
| 1:56 | Create | Villager (Male) |
| 2:10 | Build | Mill |
| 2:21 | Create | Villager (Male) |
| 2:21 | Create | Villager (Male) |
| 3:07 | Create | Villager (Male) |
| 3:07 | Create | Villager (Male) |
| 3:21 | Create | Villager (Male) |
| 3:22 | Create | Villager (Male) |
| 3:38 | Create | Villager (Male) |
| 3:39 | Create | Villager (Male) |
| 4:16 | Create | Villager (Male) |
| 4:24 | Build | House |
| 4:38 | Create | Villager (Male) |
| 5:00 | Create | Villager (Male) |
| 5:18 | Create | Villager (Male) |
| 5:29 | Build | Lumber Camp |
| 5:41 | Create | Villager (Male) |
| 6:20 | Create | Villager (Male) |
| 6:37 | Build | Palisade Wall |
| 6:46 | Build | Palisade Wall |
| 6:52 | Create | Villager (Male) |
| 7:14 | Build | Palisade Wall |
| 7:25 | Research | Feudal Age |
| 7:25 | Research | Feudal Age |
| 7:39 | Build | Mining Camp |
| 7:48 | Build | Palisade Wall |
| 8:20 | Build | Barracks |
| 8:38 | Build | Palisade Wall |
| 8:50 | Create | Villager (Male) |
| 9:20 | Build | House |
| 9:23 | Build | Palisade Wall |
| 9:24 | Build | Palisade Wall |
| 9:35 | Age | Feudal Age |
| 9:41 | Build | Archery Range |
| 9:44 | Create | Villager (Male) |
| 10:18 | Build | Archery Range |
| 10:20 | Build | Palisade Wall |
| 10:26 | Build | Palisade Wall |
| 10:27 | Create | Archer |
| 10:33 | Create | Villager (Male) |
| 10:47 | Create | Archer |
| 10:49 | Create | Villager (Male) |
| 11:02 | Create | Archer |
| 11:07 | Build | House |
| 11:19 | Build | Mill |
| 11:21 | Create | Villager (Male) |
| 11:31 | Create | Spearman |
| 11:39 | Create | Villager (Male) |
| 11:43 | Build | House |
| 11:50 | Create | Villager (Male) |
| 12:04 | Create | Archer |
| 12:15 | Create | Archer |
| 12:21 | Create | Villager (Male) |
| 12:27 | Build | House |
| 12:38 | Create | Archer |
| 12:39 | Create | Archer |
| 13:03 | Create | Archer |
| 13:06 | Build | Blacksmith |
| 13:15 | Create | Villager (Male) |
| 13:25 | Build | Farm |
| 13:36 | Build | House |
| 13:43 | Create | Villager (Male) |
| 13:54 | Build | Farm |
| 13:56 | Research | Fletching |
| 13:56 | Research | Fletching |
| 13:59 | Research | Padded Archer Armor |
| 13:59 | Research | Padded Archer Armor |
| 14:00 | Create | Archer |
| 14:01 | Create | Archer |
| 14:13 | Build | Farm |
| 14:16 | Build | Farm |
| 14:20 | Create | Archer |
| 14:21 | Create | Archer |
| 14:34 | Build | Farm |
| 14:37 | Build | Farm |
| 14:38 | Create | Villager (Male) |
| 14:49 | Create | Archer |
| 14:55 | Build | Farm |
| 14:55 | Create | Archer |
| 14:56 | Create | Archer |
| 15:09 | Create | Villager (Male) |
| 15:12 | Build | Farm |
| 15:22 | Create | Villager (Male) |
| 15:25 | Build | Farm |
| 15:34 | Build | Farm |
| 15:39 | Create | Archer |
| 15:43 | Build | House |
| 15:44 | Build | House |
| 16:27 | Create | Archer |
| 16:29 | Create | Villager (Male) |
| 16:29 | Create | Archer |
| 16:35 | Build | Farm |
| 16:44 | Create | Archer |
| 16:45 | Create | Villager (Male) |
| 16:49 | Build | House |
| 16:52 | Create | Skirmisher |
| 16:53 | Create | Skirmisher |
| 17:07 | Create | Villager (Male) |
| 17:11 | Build | Farm |
| 17:12 | Research | Horse Collar |
| 17:12 | Research | Horse Collar |
| 17:13 | Research | Horse Collar |
| 17:21 | Create | Skirmisher |
| 17:25 | Create | Archer |
| 17:40 | Create | Skirmisher |
| 17:47 | Build | House |
| 17:51 | Create | Villager (Male) |
| 17:55 | Create | Archer |
| 17:55 | Create | Skirmisher |
| 18:08 | Build | Farm |
| 18:15 | Research | Wheelbarrow |
| 18:18 | Create | Archer |
| 18:18 | Create | Skirmisher |
| 18:50 | Build | House |
| 19:03 | Create | Archer |
| 19:17 | Create | Villager (Male) |
| 19:25 | Build | Market |
| 19:30 | Create | Archer |
| 19:54 | Create | Archer |
| 19:54 | Create | Archer |
| 20:02 | Build | Palisade Wall |
| 20:15 | Create | Villager (Male) |
| 20:17 | Build | Farm |
| 20:24 | Create | Archer |
| 20:31 | Create | Archer |
| 20:35 | Build | Palisade Wall |
| 21:07 | Research | Castle Age |
| 21:07 | Research | Castle Age |
| 21:46 | Research | Gold Mining |
| 21:46 | Research | Gold Mining |
| 21:49 | Build | Archery Range |
| 21:50 | Create | Archer |
| 21:50 | Create | Archer |
| 22:06 | Create | Archer |
| 22:16 | Create | Archer |
| 22:28 | Create | Archer |
| 23:02 | Create | Villager (Male) |
| 23:03 | Create | Archer |
| 23:07 | Build | House |
| 23:07 | Build | House |
| 23:29 | Build | House |
Match timeline
| 6:37 | Kritika · wall_segment Palisade Wall x5 |
| 6:46 | Kritika · wall_segment Palisade Wall x14 |
| 7:14 | Kritika · wall_segment Palisade Wall x20 |
| 7:48 | Kritika · wall_segment Palisade Wall x11 |
| 8:19 | Elite Villager · first_building Barracks |
| 8:20 | Kritika · first_building Barracks |
| 8:38 | Kritika · wall_segment Palisade Wall x7 |
| 8:59 | Elite Villager · age_up feudal |
| 9:20 | Elite Villager · first_building Archery Range |
| 9:23 | Kritika · wall_segment Palisade Wall x1 |
| 9:24 | Kritika · wall_segment Palisade Wall x1 |
| 9:26 | Elite Villager · wall_segment Palisade Wall x1 |
| 9:35 | Kritika · age_up feudal |
| 9:41 | Kritika · first_building Archery Range |
| 10:20 | Kritika · wall_segment Palisade Wall x1 |
| 10:26 | Kritika · wall_segment Palisade Wall x1 |
| 11:22 | Elite Villager · wall_segment Palisade Wall x3 |
| 12:14 | Elite Villager · wall_segment Palisade Wall x1 |
| 12:21 | Elite Villager · wall_segment Palisade Wall x1 |
| 13:13 | Elite Villager · wall_segment Palisade Wall x9 |
| 13:27 | Elite Villager · wall_segment Palisade Wall x5 |
| 15:42 | Elite Villager · wall_segment Palisade Wall x13 |
| 18:18 | Elite Villager · first_market_sell 100 wood |
| 19:41 | Elite Villager · first_market_buy 100 food |
| 20:02 | Kritika · wall_segment Palisade Wall x1 |
| 20:35 | Kritika · wall_segment Palisade Wall x1 |
| 20:58 | Kritika · first_market_buy 100 food |
| 21:11 | Elite Villager · wall_segment Palisade Wall x7 |
| 22:50 | Elite Villager · age_up castle |
| 23:47 | Kritika · age_up castle |
| 26:55 | Elite Villager · wall_segment Stone Wall x1 |
| 27:02 | Elite Villager · first_building Siege Workshop |
| 29:01 | Elite Villager · first_building Stable |
| 29:15 | Elite Villager · wall_segment Stone Wall x1 |
| 30:06 | Kritika · first_building Monastery |
| 33:44 | Elite Villager · first_building Monastery |
| 34:03 | Kritika · age_up imperial |
| 34:12 | Kritika · first_market_sell 100 stone |
| 36:23 | Elite Villager · first_building Castle |
| 42:31 | Elite Villager · age_up imperial |
| 47:06 | Kritika · resign |
[ AI ANALYSIS · 1 CREDIT ]
What really happened in this match?
Wolo.gg analyzes every decision: build order, eco, micro, common mistakes by bracket. Personalized analysis on WhatsApp or Discord in 30 seconds.
Civ guide
Persians
Map guide
Arabia
Perfil
Elite Villager